 Dungeon Crawl Stone Soup version 0.27-a0-1147-gb3d8e82157 (webtiles) character file.

Game seed: 14642795410160476905

363 Chrispy the Chopper (level 6, -2/56 HPs)
             Began as a Hill Orc Monk on May 11, 2021.
             Slain by Duvessa
             ... wielding a +0 short sword
              (4 damage)
             ... on level 4 of the Dungeon.
             The game lasted 00:20:14 (3699 turns).

Chrispy the Chopper (Hill Orc Monk)                 Turns: 3699, Time: 00:20:15

Health: -2/56      AC: 11    Str: 22    XL:     6   Next: 67%
Magic:  6/6        EV:  7    Int: 10    God:
Gold:   148        SH:  0    Dex: 13    Spells: 5/5 levels left

rFire    . . .     SeeInvis .   a - +0 hand axe
rCold    . . .     Faith    .   (no shield)
rNeg     . . .     Spirit   .   m - +0 scale mail
rPois    .         Reflect  .   (no helmet)
rElec    .         Harm     .   (no cloak)
rCorr    .         Rampage  .   j - +0 pair of gloves
Will     .....                  (no boots)
Stlth    ..........             (no amulet)
HPRegen  0.18/turn              i - +6 ring of strength
MPRegen  0.10/turn              k - +4 ring of protection

@: constricted
A: no striking features
a: no special abilities


You were on level 4 of the Dungeon.
You visited 1 branch of the dungeon, and saw 4 of its levels.
You also visited: Sewer.

You collected 148 gold pieces.

Inventory:

Hand Weapons
 a - a +0 hand axe (weapon)
 d - a +4 mace of protection
Armour
 j - a +0 pair of gloves (worn)
 m - a +0 scale mail (worn)
Jewellery
 f - a ring of resist corrosion
 i - a +6 ring of strength (left hand)
 k - a +4 ring of protection (right hand)
Scrolls
 b - a scroll of enchant weapon
 g - 2 scrolls of teleportation
Potions
 c - a potion of invisibility {unknown}
 l - 2 potions of curing
 n - 2 potions of flight
 q - a potion of attraction {unknown}
 r - a potion of degeneration {unknown}


   Skills:
 + Level 5.4 Fighting
 * Level 7.6 Axes
 + Level 2.7 Armour
 - Level 2.4 Dodging
 - Level 1.5 Stealth


You had 5 spell levels left.
You didn't know any spells.
Your spell library was empty.

Dungeon Overview and Level Annotations

Branches:
Dungeon (4/15)              Sewer (visited)
 Temple: D:4-7

Altars:
Cheibriados

Annotations:
D:4 Dowan, Duvessa, Grinder


Message History

You completely miss Duvessa.
Duvessa is lightly wounded.
You hit Dowan.
Duvessa zaps a wand.
The puff of flame hits you!
* * * LOW HITPOINT WARNING * * *
The now-empty wand crumbles to dust.
Duvessa hits you but does no damage.
You slash Duvessa!
Duvessa is moderately wounded.
You slash Dowan! Dowan hits you but does no damage.
Duvessa hits you with a +0 short sword.
* * * LOW HITPOINT WARNING * * *
You hit Duvessa.
Duvessa is moderately wounded.
You closely miss Dowan. Duvessa hits you with a +0 short sword.
* * * LOW HITPOINT WARNING * * *
Dowan closely misses you. Duvessa closely misses you.
You hit Duvessa but do no damage.
Duvessa is moderately wounded.
You closely miss Dowan. Dowan hits you but does no damage.
Duvessa hits you but does no damage.
You hit Duvessa.
Duvessa is moderately wounded.
You closely miss Dowan. Duvessa hits you with a +0 short sword.
* * * LOW HITPOINT WARNING * * *
Dowan mumbles some strange words.
Dowan blinks!
You hit Duvessa but do no damage.
Duvessa is moderately wounded.
You closely miss the ball python. Duvessa closely misses you.
The ball python barely misses you. The ball python grabs you.
The ball python constricts you. Duvessa barely misses you.
You hit Duvessa but do no damage.
Duvessa is moderately wounded.
You closely miss Dowan. You barely miss the ball python.
The ball python bites you but does no damage.
The ball python constricts you. Duvessa hits you but does no damage.
Dowan hits you but does no damage.
You hit Duvessa but do no damage.
Duvessa is moderately wounded.
You hit Dowan. You hit the ball python. Duvessa hits you with a +0 short sword.
You die...

#.# ##..# #.# ##.##
#.# #..# #.# #..#
#.# #..# #.#
###########..#
######......##....#
#................##
#
#.e@.............###
###eS...............
#:....#####.......
#...### ###.....
#..## ###.## #.##
### #..# #..# ..##


You could see Duvessa (fast), Dowan and a ball python.

Vanquished Creatures
  Purgy (Sewer)
  A centaur (D:3)
  A scorpion (D:3)
  4 adders
  An adder skeleton (D:3)
  2 dart slugs (D:1)
  6 endoplasms
  2 giant cockroaches
  A goblin (D:1)
  3 hobgoblins
  14 jackals
  9 kobolds
  6 quokkas
  6 ball pythons
  10 bats
  6 frilled lizards
  11 rats
84 creatures vanquished.

Notes
Turn   | Place    | Note
-------+----------+-------------------------------------------
     0 | D:1      | Chrispy the Hill Orc Monk began the quest for the Orb.
     0 | D:1      | Reached XP level 1. HP: 19/19 MP: 1/1
   491 | D:1      | Reached XP level 2. HP: 27/27 MP: 2/2
   929 | D:1      | Reached skill level 5 in Axes
   929 | D:1      | Reached XP level 3. HP: 22/33 MP: 3/3
  1522 | D:2      | Reached XP level 4. HP: 41/41 MP: 4/4
  1908 | D:3      | Noticed a scorpion
  2106 | D:3      | Noticed a centaur
  2111 | D:3      | Killed a centaur
  2112 | D:3      | Reached skill level 6 in Axes
  2112 | D:3      | Reached skill level 1 in Armour
  2112 | D:3      | Reached XP level 5. HP: 46/47 MP: 5/5
  2156 | D:3      | Found a snail-covered altar of Cheibriados.
  2403 | D:3      | Found a glowing drain.
  2415 | Sewer    | Entered a sewer
  2436 | Sewer    | Noticed Purgy
  2444 | Sewer    | Killed Purgy
  2445 | Sewer    | Reached skill level 5 in Fighting
  2445 | Sewer    | Reached skill level 7 in Axes
  2445 | Sewer    | Reached XP level 6. HP: 35/56 MP: 6/6
  3540 | D:4      | Noticed Grinder
  3542 | D:4      | Paralysed by Grinder for 3 turns
  3676 | D:4      | Noticed Dowan
  3683 | D:4      | Noticed Duvessa
  3696 | D:4      | HP: 1/56 [Duvessa/+0 short sword (3)]
  3699 | D:4      | Slain by Duvessa

Illustrated notes

Levels and vault maps discovered:
D:1:      nicolae_arrival_memento_mori, layout_rooms
D:2:      layout_rooms, minmay_pentomino_r2
D:3:      layout_loops_corners, lemuel_tele_altar, portal_sewer_entry_d,
          minmay_misc_feat_room, hangedman_abyss_or_decor_lesser_grid
D:4:      layout_layer_cave, fedhas_ov_isle_minmay, temple_fountains,
          serial_shops, shop, shop, shop_statue, shop, uniq_menkaure,
          uniq_grinder, uniq_duvessa

Skill      XL: |  1  2  3  4  5 |
---------------+----------------+-----
Fighting       | 4 5 |  5.4
Axes           | 5 6 7 |  7.6
Armour         | 1 2 |  2.7
Dodging        | |  2.4
Stealth        | |  1.5

Action                   |  1- 3 |  4- 6 || total
-------------------------+-------+-------++-------
Melee: Mace              |   107 |    58 ||   165
       Hand axe          |     8 |    66 ||    74
  Use: Scroll            |       |     8 ||     8
 Stab: Sleeping          |     7 |     1 ||     8
Armor: Robe              |    35 |     4 ||    39
       Scale mail        |       |    61 ||    61
Dodge: Dodged            |    80 |    88 ||   168

Table legend: (Time is in decaauts)
 A = Elapsed time spent in this place.
 B = Non-inter-level travel time spent in this place.
 C = Inter-level travel time spent in this place.
 D = Time resting spent in this place.
 E = Time spent auto-exploring this place.
 F = Levels seen in this place.
 G = Mean time per level.
                   A        B        C        D        E       F      G
               +--------+--------+--------+--------+--------+-----+--------+
         Total |   3752 |   3752 |      0 |    947 |   1234 |   5 |  750.4 |
       Dungeon |   3468 |   3468 |      0 |    842 |   1234 |   4 |  867.0 |
         Sewer |    284 |    284 |      0 |    105 |      0 |   1 |  284.0 |
               +--------+--------+--------+--------+--------+-----+--------+

Top non-repeatable levels by time:
     D:3: 1385 daAuts
     D:1: 1331 daAuts
     D:2: 605 daAuts
   Sewer: 284 daAuts
     D:4: 146 daAuts
